Map: Tokamak LE

Players

Ethereum

  • Race: Protoss Protoss
  • League: Master
  • Spawn Location: 1:00

ManlyManMeat - Winner!

  • Race: Zerg Zerg
  • League: Platinum
  • Spawn Location: 7:00

VOD

Have the link to the VOD?

Description

Time

  • Played on: June 20, 2025, 11:07 a.m.
  • Length: 15:23
Show
View Real Time Build Order
Export as new Build Order

Ethereum Protoss 

Build Orders: Zealot Archon 

Get SALT Encoding   

  12  0:01  Probe  
  13  0:17  Pylon, Probe  
  14  0:25  Probe  
  14  0:33  Probe  
  16  0:45  Probe  
  17  1:06  Probe  
  17  1:07  Nexus  
  18  1:19  Gateway  
  18  1:43  Forge  
  18  1:48  Gateway  
  18  1:55  Probe  
  19  2:07  Cybernetics Core, Probe  
  20  2:15  Assimilator  
  20  2:17  Assimilator  
  20  2:19  Probe  
  21  2:31  Probe x2  
  21  2:37  Photon Cannon  
  23  2:42  Assimilator  
  23  2:43  Probe x2  
  25  2:52  Pylon  
  25  2:55  Probe x2, Assimilator  
  27  3:00  Pylon  
  27  3:04  Stalker  
  29  3:17  Pylon  
  29  3:18  Probe  
  29  3:19  Probe  
  31  3:30  Probe  
  31  3:34  Probe  
  33  3:44  Stargate  
  33  3:49  Stargate  
  33  3:52  Probe  
  33  3:53  Probe  
  35  3:56  Warp Gate  
  35  4:04  Probe x2  
  37  4:12  Probe x2  
  39  4:20  Probe x2  
  39  4:23  Pylon  
  39  4:26  Oracle  
  39  4:28  Oracle  
  39  4:31  Probe  
  44  4:35  Pylon  
  44  4:36  Probe  
  49  4:38  Twilight Council  
  49  4:43  Probe  
  50  4:48  Probe, Shield Battery  
  51  4:55  Probe  
  51  4:57  Oracle  
  52  5:01  Probe  
  56  5:07  Probe  
  56  5:13  Probe  
  58  5:14  Charge  
  58  5:19  Probe  
  62  5:21  Oracle  
  62  5:25  Probe  
  63  5:34  Templar Archives  
  63  5:41  Pylon  
  63  5:43  Pylon  
  63  5:45  Pylon  
  63  6:17  Probe x2  
  65  6:21  Gateway  
  65  6:22  Gateway  
  65  6:24  Gateway  
  65  6:26  Gateway  
  65  6:29  Gateway, Probe, Oracle  
  65  6:30  Oracle  
  65  6:31  Gateway  
  72  6:48  High Templar  
  72  6:49  High Templar  
  76  6:55  Pylon  
  76  6:56  Photon Cannon  
  76  7:01  Photon Cannon x2  
  76  7:03  Shield Battery, Photon Cannon  
  76  7:04  Phoenix x2  
  76  7:05  Pylon  
  76  7:06  Shield Battery  
  76  7:07  Archon  
  80  7:09  Photon Cannon  
  80  7:20  Stalker  
  80  7:21  Sentry x2  
  80  7:22  Stalker x2  
  88  7:29  Stalker x2  
  73  7:43  Zealot x2  
  73  7:44  Zealot x2  
  73  7:50  Probe  
  76  7:53  Probe  
  77  8:02  Probe  
  78  8:06  Probe  
  79  8:14  Forge, Probe  
  79  8:18  Probe  
  81  8:30  High Templar  
  81  8:31  High Templar  
  85  8:36  Zealot x2  
  89  8:45  Archon  
  80  8:52  Stalker  
  80  8:54  Zealot x2  
  80  8:55  Zealot  
  84  9:02  High Templar x2  
  88  9:07  Photon Cannon x2  
  88  9:11  Photon Cannon  
  88  9:14  Adept x2  
  88  9:16  Adept x3  
  98  9:23  Adept  
  81  9:45  Archon, Zealot  
  83  9:46  High Templar  
  83  9:47  High Templar, Zealot x3  
  93  10:02  Probe x2  
  95  10:10  Archon  
  95  10:13  Zealot  
  97  10:14  Probe  
  64  10:34  Zealot x3  
  64  10:35  Zealot  
  59  10:47  High Templar x2  
  59  10:48  Zealot  
  56  10:59  Adept  
  56  11:02  Archon  
  56  11:04  High Templar x2  
  56  11:11  Adept  
  56  11:17  Pylon  
  57  11:19  High Templar  
  47  11:35  Adept x2  
  44  11:58  Archon  
  44  11:59  Probe x2  
  44  12:05  High Templar  
  46  12:11  Probe  
  46  12:12  Probe  
  46  12:13  Archon  
  48  12:20  Forge  
  48  12:24  Shield Battery  
  48  12:30  Pylon  
  48  12:36  Adept  
  50  12:39  Adept  
  50  12:43  Probe  
  53  12:47  Adept  
  55  12:52  Adept  
  57  12:59  Adept  
  50  13:10  Protoss Ground Weapons Level 1  
  50  13:15  Adept x2  
  50  13:16  Probe  
  50  13:19  Probe  
  54  13:27  Stalker  
  56  13:36  Stalker  
  58  13:43  Pylon  
  58  13:59  Adept  
  58  14:00  Adept  
  34  14:03  Probe  
  34  14:04  Probe  
  34  14:11  Probe  
  34  14:12  Probe  
  36  14:21  Probe x2  
  37  14:24  Pylon  
  37  14:26  High Templar  
  37  14:28  High Templar  
  42  14:33  Probe  
  43  14:40  Archon  
  43  14:42  Adept x2  
  47  14:46  Adept  
  49  14:54  Adept  
  49  14:55  Sentry  
  49  14:59  Probe  
  53  15:02  Probe  
  55  15:07  Probe  
  55  15:10  Probe  
Show
View Real Time Build Order
Export as new Build Order

ManlyManMeat Zerg - Winner!

Build Orders: Hatch First 

Get SALT Encoding   

  12  0:00  Drone  
  13  0:12  Overlord  
  13  0:19  Drone  
  14  0:31  Drone x2  
  14  0:34  Drone  
  17  0:50  Hatchery  
  17  0:55  Drone  
  17  1:04  Drone  
  18  1:09  Extractor  
  17  1:12  Spawning Pool  
  16  1:19  Drone x2  
  18  1:29  Drone  
  19  1:42  Drone  
  20  1:50  Overlord  
  20  2:00  Queen  
  22  2:03  Queen  
  22  2:05  Zergling x2  
  22  2:07  Zergling x2  
  26  2:18  Drone x2  
  28  2:23  Metabolic Boost  
  28  2:27  Drone  
  28  2:28  Drone  
  30  2:46  Drone x4  
  34  2:55  Hatchery  
  33  3:08  Drone x3  
  33  3:12  Overlord x2  
  36  3:28  Lair  
  36  3:29  Queen  
  36  3:34  Extractor  
  37  3:37  Drone x5  
  42  3:45  Drone  
  43  3:51  Baneling Nest  
  42  4:01  Drone x4  
  46  4:11  Drone x5  
  51  4:23  Overlord x3  
  51  4:31  Evolution Chamber  
  51  4:32  Evolution Chamber  
  51  4:38  Spore Crawler  
  48  4:39  Spore Crawler  
  48  4:42  Drone x3, Spore Crawler  
  48  4:44  Drone x4  
  53  4:52  Queen  
  53  4:53  Queen  
  57  5:00  Zergling x12  
  63  5:09  Zerg Melee Weapons Level 1, Spire  
  63  5:13  Centrifugal Hooks  
  62  5:18  Overlord x2  
  62  5:24  Extractor x2  
  60  5:42  Drone x4  
  64  5:43  Drone  
  64  5:54  Zergling x22  
  75  6:02  Drone x4  
  79  6:08  Zerg Ground Armor Level 1  
  79  6:16  Zergling x4  
  81  6:18  Baneling  
  81  6:19  Baneling x8  
  81  6:23  Overlord x3  
  81  6:24  Overlord x2  
  81  6:39  Baneling x4  
  81  6:49  Zergling x18  
  90  6:58  Hatchery  
  89  7:04  Zergling x6  
  89  7:06  Zergling x2  
  89  7:07  Zergling x6  
  96  7:21  Hatchery  
  87  7:35  Zergling x10  
  87  7:36  Zergling x18  
  91  7:41  Zergling x8  
  84  7:55  Zergling x6  
  84  7:57  Hatchery  
  86  8:02  Baneling x14  
  86  8:13  Baneling x7  
  86  8:19  Zergling x26  
  99  8:33  Zergling x20  
  86  8:55  Corruptor x2  
  82  8:57  Zergling x20  
  92  9:15  Zergling x2  
  92  9:16  Zergling x32  
  103  9:25  Zergling x6  
  103  9:28  Zergling x4  
  91  9:47  Zergling x30  
  106  9:56  Zergling x10  
  111  10:00  Corruptor x2  
  111  10:04  Drone x4  
  86  10:37  Zergling x42  
  86  10:38  Zergling x2  
  86  10:39  Queen  
  86  10:41  Queen  
  86  10:42  Queen  
  90  11:04  Zergling x22  
  90  11:05  Zergling x10  
  80  11:38  Drone x9  
  79  12:00  Baneling x2  
  79  12:01  Hatchery, Baneling x5  
  79  12:02  Baneling  
  78  12:16  Zergling x2  
  78  12:17  Zergling x12  
  78  12:19  Hatchery  
  83  12:36  Zergling x24  
  95  12:59  Hatchery  
  81  13:20  Zergling x4  
  81  13:21  Zergling x30  
  97  13:43  Drone x9  
  97  13:44  Drone  
  101  14:00  Zergling x20  
  99  14:08  Drone x6  
  105  14:18  Queen  
  105  14:19  Queen  
  105  14:23  Baneling x9  
  105  14:24  Zergling x2, Baneling x4  
  109  14:25  Zergling x6  
  112  14:46  Zergling x34  
Tags
 
Composition
Zealot Archon
Matchup
PvZ
Replay Pack
Myownreplay2
Spawn Locations
Cross Positions
Add a new tag
Caveats
  • Supply blocks, unpowered buildings, or Contaminate may cause inaccurate times.
  • Supply counts are checked every 10 seconds.